 Dungeon Crawl Stone Soup version 0.22-a0-274-gf8199ec (webtiles) character file.

9 tidbits the Insei (level 2, 0/23 HPs)
             Began as a Gnoll Transmuter on Mar 13, 2018.
             Slain by Natasha (7 damage)
             ... on level 3 of the Dungeon.
             The game lasted 00:02:59 (298 turns).

tidbits the Insei (Gnoll Transmuter)                 Turns: 298, Time: 00:03:00

Health: 0/23       AC:  2    Str: 12    XL:     2   Next: 12%
Magic:  2/7        EV: 14    Int: 15    God:
Gold:   19         SH:  0    Dex: 15    Spells: 7/10 levels left

rFire    . . .     SeeInvis .     - Unarmed
rCold    . . .     Gourm    .   (no shield)
rNeg     . . .     Faith    .   b - +0 robe
rPois    .         Spirit   .   (no helmet)
rElec    .         Reflect  .   (no cloak)
rCorr    .         Harm     .   (no gloves)
MR       .....                  (no boots)
Stlth    +.........             (no amulet)
HPRegen  0.07/turn              (no ring)
MPRegen  0.10/turn              (no ring)

@: appendage
A: distributed training, fangs 1, horns 2, strong nose
a: End Transformation


You were on level 3 of the Dungeon.
You were not hungry.
You had grown temporary horns.
You visited 1 branch of the dungeon, and saw 4 of its levels.

You collected 19 gold pieces.

Inventory:

Hand Weapons
 e - a +0 dagger
Missiles
 a - 10 arrows
Armour
 b - a +0 robe (worn)
 i - a +0 ring mail
 k - a +0 buckler
Scrolls
 c - a scroll of remove curse {unknown}
 f - a scroll of teleportation {unknown}
 g - a scroll of enchant armour {unknown}
 j - a scroll of identify {unknown}
 l - a scroll of magic mapping {unknown}
Potions
 h - a potion of curing {unknown}
Comestibles
 d - a ration


   Skills:
 + Level 2.4 Fighting
 + Level 0.2 Short Blades
 + Level 0.2 Long Blades
 + Level 0.2 Axes
 + Level 0.2 Maces & Flails
 + Level 0.2 Polearms
 + Level 0.2 Staves
 + Level 0.2 Slings
 + Level 0.2 Bows
 + Level 0.2 Crossbows
 + Level 0.2 Throwing
 + Level 0.2 Armour
 + Level 4.4 Dodging
 + Level 0.2 Stealth
 + Level 0.2 Shields
 + Level 6.4 Unarmed Combat
 + Level 4.9 Spellcasting
 + Level 0.1 Conjurations
 + Level 0.1 Hexes
 + Level 0.1 Charms
 + Level 0.1 Summonings
 + Level 0.1 Necromancy
 + Level 0.1 Translocations
 + Level 3.6 Transmutations
 + Level 0.1 Fire Magic
 + Level 0.1 Ice Magic
 + Level 0.1 Air Magic
 + Level 0.1 Earth Magic
 + Level 0.1 Poison Magic
 + Level 0.3 Invocations
 + Level 0.2 Evocations


You had 7 spell levels left.
You knew the following spells:

 Your Spells              Type           Power        Failure   Level  Hunger
e - Beastly Appendage     Tmut           ##....       3%          1    None
k - Sticks to Snakes      Tmut           ##......     5%          2    ##.....


Dungeon Overview and Level Annotations

Branches:
Dungeon (4/15)
 Temple: D:4-7

Altars:
The Shining One

Annotations:
D:3 Natasha
D:4 Sigmund


Innate Abilities, Weirdness & Mutations

Your experience applies equally to all skills.
You have very sharp teeth.
Your uncanny sense of smell can sniff out nearby items.
You have a pair of horns on your head.


Message History

You have reached level 2!
Memorise Sticks to Snakes, consuming 2 spell levels and leaving 7?
You start memorising the spell.
You continue memorising. x2
You finish memorising.
Spell assigned to 'k'.
A frilled lizard comes into view.
There is a stone staircase leading down here.
You climb downwards.
There is a stone staircase leading up here.
Unknown command.
You open the large door.
A goblin comes into view.
The goblin shouts!
Found 10 bolts.
Casting: Beastly Appendage (safe; 3% risk of failure)
Confirm with . or Enter, or press ? or * to list all spells.
You extend your transformation's duration.
There is a large open door here.
You punch the goblin!
You kill the goblin!
A bat comes into view.
Found 18 stones.
The bat hits you but does no damage.
You barely miss the bat. The bat barely misses you.
You closely miss the bat.
You kill the bat!
You open the large door. You open the large door.
Your transformation is almost over.
There is a large open door here.
You open the large door.
There is a large open door here.
Your horns disappear.
There is a large open door here.
Found 6 gold pieces.
Found a scroll labeled BALYROU FUTOBB.
You see here 6 gold pieces.
You now have 9 gold pieces (gained 6).
Found an escape hatch in the floor.
Found a buckler.
Found 30 stones.
You see here a scroll labeled BALYROU FUTOBB.
j - a scroll labeled BALYROU FUTOBB
Found a scroll labeled TIOCOTZ YNAM.
You see here a buckler.
k - a buckler You see here a scroll labeled TIOCOTZ YNAM.
l - a scroll labeled TIOCOTZ YNAM You open the door.
There is an open door here.
There is an open door here.
Found a stone staircase leading down.
A worm comes into view.
There is a stone staircase leading down here.
You climb downwards.
Found a stone staircase leading down.
There is a stone staircase leading up here.
Found a ring mail.
Unknown command.
There is a stone staircase leading down here.
You climb downwards.
There is a stone staircase leading up here.
Unknown command.
Found 19 gold pieces.
Sigmund the Dreaded comes into view.
He is wielding a scythe.
There is a stone staircase leading up here.
You climb upwards.
There is a stone staircase leading down here.
Unknown command.
Found 10 gold pieces.
A bat comes into view.
You see here 10 gold pieces.
You now have 19 gold pieces (gained 10).
Found 24 stones.
You open the door.
Found a glowing golden altar of the Shining One.
Natasha, Servant of Life and Death comes into view.
Natasha hisses angrily.
Natasha drinks a potion.
Natasha suddenly seems more agile.
Found a pair of boots.
Casting: Beastly Appendage (safe; 3% risk of failure)
Confirm with . or Enter, or press ? or * to list all spells.
You create a snake!
You now have 11 arrows.
Casting: Sticks to Snakes (safe; 5% risk of failure)
Confirm with . or Enter, or press ? or * to list all spells.
You create a snake!
You now have 10 arrows.
Casting: Sticks to Snakes (safe; 5% risk of failure)
Confirm with . or Enter, or press ? or * to list all spells.
You grow a pair of large bovine horns.
You swap places.
Natasha claws you!
You hit Natasha. Your headbutt misses Natasha.
Natasha is lightly wounded.
Natasha barely misses you.
Your adder barely misses Natasha.
You barely miss Natasha.
Natasha is lightly wounded.
Your adder closely misses Natasha.
Natasha claws you!
* * * LOW HITPOINT WARNING * * *
You closely miss Natasha.
Natasha is lightly wounded.
Your adder closely misses Natasha.
Natasha claws you!
You die...

#......# .......
#......##........
#......##.....(..
#......##.......
#......##.......
#......##....#
#...........#
#.........S.##.###
######...S@h.....#
#..#.##.....#
#..#.# .....#
#'#### .....# ...
.....# .....
......[ #♣...♣#
....... .....
h...... ###_##


You could see Natasha, a friendly adder and a friendly ball python.

Vanquished Creatures
  A leopard gecko (D:1)
  A bat (D:2)
  2 goblins
  A hobgoblin (D:1)
  A kobold (D:1)
  A frilled lizard (D:1)
7 creatures vanquished.

Notes
Turn   | Place    | Note
-------+----------+-------------------------------------------
     0 | D:1      | tidbits the Gnoll Transmuter began the quest for the Orb.
     0 | D:1      | Reached XP level 1. HP: 17/17 MP: 6/6
   117 | D:1      | Reached XP level 2. HP: 21/23 MP: 5/7
   121 | D:1      | Learned a level 2 spell: Sticks to Snakes
   252 | D:4      | Noticed Sigmund
   283 | D:3      | Found a glowing golden altar of the Shining One.
   288 | D:3      | Noticed Natasha
   298 | D:3      | Slain by Natasha

Vault maps used:
D:1:      dpeg_arrival_simpleton_c, minmay_tetromino_i2
D:2:      kennysheep_generic_room_4
D:3:      tso_altar, uniq_natasha
D:4:      vehumet_crystals, nemelex_spade_bored_becter, uniq_pikel, uniq_sigmund

Action                   || total
-------------------------++-------
Melee: Unarmed           ||    20
       Bite              ||     1
       Headbutt          ||     1
 Cast: Beastly Appendage ||     6
       Sticks to Snakes  ||     2
Armor: Robe              ||     2
Dodge: Dodged            ||     9

Table legend:
 A = Spawn XP
 B = Non-spawn XP
 C = Spawn XP percentage of total XP
 D = Spawn monster count
 E = Non-spawn monster count
 F = Spawn count percentage of total count
 G = Total turns spent on level
                    A         B        C        D         E        F      G
               +---------+---------+-------+---------+---------+-------+---------
         Total |       0 |      13 |   0.0 |       0 |       7 |   0.0 |   298
               +---------+---------+-------+---------+---------+-------+---------
           D:1 |       0 |      10 |   0.0 |       0 |       5 |   0.0 |   127
           D:2 |       0 |       3 |   0.0 |       0 |       2 |   0.0 |   110
               +---------+---------+-------+---------+---------+-------+---------

Table legend:
 A = Turns spent in this place as a percentage of turns spent in the entire game.
 B = Non-inter-level travel turns spent in this place as a percentage of non-inter-level travel turns spent in the entire game.
 C = Inter-level travel turns spent in this place as a percentage of turns spent in this place.
 D = Turns resting spent in this place as a percentage of non-inter-level travel turns spent in this place.
 E = Turns spent auto-exploring this place as a percentage of non-inter-level travel turns spent in this place.
 F = Non-inter-level travel turns spent in this place divided by the number of levels of this place that you've seen.
                   A       B       C       D       E      F
               +-------+-------+-------+-------+-------+----------------------
         Total | 100.0 | 100.0 |   0.0 |   0.0 |   0.0 |  74.5
       Dungeon | 100.0 | 100.0 |   0.0 |   0.0 |   0.0 |  74.5
               +-------+-------+-------+-------+-------+----------------------

Table legend:
 A = Kills in this place as a percentage of kills in entire the game.
 B = Kills by you in this place as a percentage of kills by you in the entire game.
 C = Kills by friends in this place as a percentage of kills by friends in the entire game.
 D = Other kills in this place as a percentage of other kills in the entire game.
 E = Experience gained in this place as a percentage of experience gained in the entire game.
 F = Experience gained in this place divided by the number of levels of this place that you have seen.
                   A       B       C       D       E      F
               +-------+-------+-------+-------+-------+----------------------
         Total | 100.0 | 100.0 |   N/A |   N/A | 100.0 |   3.2
       Dungeon | 100.0 | 100.0 |   N/A |   N/A | 100.0 |   3.2
               +-------+-------+-------+-------+-------+----------------------

Vault maps used:
D:1:      dpeg_arrival_simpleton_c, minmay_tetromino_i2
D:2:      kennysheep_generic_room_4
D:3:      tso_altar, uniq_natasha
D:4:      vehumet_crystals, nemelex_spade_bored_becter, uniq_pikel, uniq_sigmund
